 Dungeon Crawl Stone Soup version 0.29-a0-911-g88e6f02907 (webtiles) character file.

Game seed: 6386512449196376912

3062 greasedhog the Basher (level 9, 0/54 HPs)
             Began as a Gargoyle Abyssal Knight on July 25, 2022.
             Was an Elder of Lugonu.
             Slain by an ice beast (11 damage)
             ... on level 7 of the Dungeon.
             The game lasted 00:11:15 (7490 turns).

greasedhog the Basher (Gargoyle Abyssal Knight)     Turns: 7490, Time: 00:11:15

Health: 0/54       AC: 20    Str: 22    XL:     9   Next: 88%
Magic:  22/22      EV:  8    Int:  9    God:    Lugonu [****..]
Gold:   236        SH:  3    Dex: 10    Spells: 8/8 levels left

rFire   + + .      SeeInvis .   a - +12 mace of Misery {venom, Int+4}
rCold   . . .      Faith    .   J - +0 buckler
rNeg    + . .      Spirit   .   E - +0 chain mail
rPois   ∞          Reflect  .   (no helmet)
rElec   +          Harm     .   w - +0 cloak
rCorr   .          Rampage  .   r - +0 pair of gloves
Will    .....                   H - +0 pair of boots
Stlth   ..........              D - amulet of the acrobat
HPRegen 0.18/turn               i - ring "Weosyloc" {rF++ MP+9 Int-5 Slay+3}
MPRegen 0.18/turn               (no ring)

@: no status effects
A: sickness immunity, AC +6, negative energy resistance 1, electricity
resistance, torment resistance 1, petrification resistance
a: Renounce Religion, Depart the Abyss, Bend Space, Banish, Corrupt


You were on level 7 of the Dungeon.
You worshipped Lugonu.
Lugonu was greatly pleased with you.
You visited 2 branches of the dungeon, and saw 8 of its levels.
You visited the Abyss 1 time.

You collected 376 gold pieces.
You spent 140 gold pieces at shops.

Inventory:

Hand Weapons
 a - the +12 mace of Misery (weapon) {venom, Int+4}
   (You found it on level 2 of the Dungeon)

   It poisons the flesh of those it strikes.
   Int:       It affects your intelligence (+4).
 b - the +7 triple crossbow of Facozoxt {elec, rC+ rN+}
   (You found it on level 2 of the Dungeon)

   Any ammunition fired from it occasionally discharges a powerful burst of
   electricity upon striking a foe.
   rC:        It protects you from cold.
   rN:        It protects you from negative energy.
Armour
 r - a +0 pair of gloves (worn)
 w - a +0 cloak (worn)
 E - a +0 chain mail (worn)
 H - a +0 pair of boots (worn)
 J - a +0 buckler (worn)
Jewellery
 i - the ring "Weosyloc" (left hand) {rF++ MP+9 Int-5 Slay+3}
   (You acquired it on level 4 of the Dungeon)

   [ring of magical power]

   Int:       It affects your intelligence (-5).
   Slay:      It affects your accuracy & damage with ranged weapons and melee
   (+3).
   rF:        It greatly protects you from fire.
   MP:        It affects your magic capacity (+9).
 D - an amulet of the acrobat (around neck)
Wands
 k - a wand of light (5)
 u - a wand of digging (6)
 v - a wand of roots (14)
Scrolls
 c - 2 scrolls of butterflies
 g - a scroll of vulnerability
 h - 2 scrolls of poison
 l - a scroll of enchant weapon
 p - a scroll of amnesia
 q - a scroll of silence {unknown}
 t - 3 scrolls of teleportation {unknown}
 y - a scroll of summoning {unknown}
 z - a scroll of magic mapping {unknown}
 F - 3 scrolls of enchant armour {unknown}
 G - a scroll of identify
 I - a scroll of fear {unknown}
Potions
 d - 5 potions of degeneration {unknown}
 e - a potion of berserk rage {unknown}
 f - 3 potions of cancellation {unknown}
 j - 2 potions of haste {unknown}
 m - 5 potions of curing
 n - 2 potions of attraction {unknown}
 o - 3 potions of brilliance {unknown}
 s - 2 potions of heal wounds {unknown}
 x - 3 potions of magic {unknown}
 A - a potion of ambrosia {unknown}
 B - a potion of flight {unknown}
 C - a potion of resistance {unknown}


   Skills:
 - Level 5.2 Fighting
 * Level 9.4 Maces & Flails
 - Level 6.1 Armour
 * Level 3.0 Dodging
 - Level 6.0 Invocations
 * Level 3.1 Evocations


You had 8 spell levels left.
You didn't know any spells.
Your spell library contained the following spells:

 Spells                   Type           Power      Damage    Failure   Level
 Apportation              Tloc           0%         N/A       99%         1
 Necrotise                Necr           0%         1d4       99%         1
 Sting                    Tmut/Pois      0%         1d3       99%         1
 Summon Small Mammal      Summ           0%         N/A       99%         1
 Poisonous Vapours        Pois/Air       0%         N/A       99%         2
 Ignite Poison            Fire/Tmut/Pois 0%         N/A       100%        3
 Mephitic Cloud           Conj/Pois/Air  0%         N/A       100%        3
 Olgreb's Toxic Radiance  Pois           0%         N/A       100%        4
 Fireball                 Conj/Fire      0%         3d3       100%        5
 Freezing Cloud           Conj/Ice/Air   0%         6-21      100%        5
 Starburst                Conj/Fire      0%         6d3       100%        6
 Ignition                 Fire           0%         3d3       100%        8


Dungeon Overview and Level Annotations

Branches:
Dungeon (7/15)             Temple (1/1) D:6

Altars:
Kikubaaqudgha
Sif Muna
Vehumet
Xom

Shops:
D:1 =   D:4 *   D:5 !


Innate Abilities, Weirdness & Mutations

You are immune to sickness and miasma.
Your stone body is resilient. (AC +6)
You are immune to poison.
You resist negative energy. (rN+)
You are resistant to electric shocks. (rElec)
You are resistant to unholy torment.
You are immune to petrification.


Message History

The killer bee completely misses you.
An ice beast comes into view.
The ice beast hits you. The ice beast freezes you!
You hit the ice beast.
You kill the ice beast!
Lugonu accepts your kill. The killer bee stings you.
The killer bee closely misses you.
You sock the centaur!
The centaur is heavily wounded.
The killer bee barely misses you.
The killer bee stings you but does no damage.
The centaur hits you but does no damage.
The centaur kicks you but does no damage.
You sock the centaur!
You kill the centaur!
Lugonu accepts your kill. The killer bee stings you. The killer bee stings you!
Your Dodging skill increases to level 3!
Your Evocations skill increases to level 3!
The killer bee closely misses you.
Things that are here:
a +0 shortbow; a centaur corpse The killer bee attacks as you move away!
The killer bee misses you.
A bullfrog comes into view.
The killer bee completely misses you.
The bullfrog moves out of view.
You hit the killer bee.
The killer bee is poisoned.
The killer bee is moderately wounded.
The killer bee barely misses you. The killer bee closely misses you.
The killer bee stings you.
* * * LOW HITPOINT WARNING * * *
You bludgeon the killer bee!!
You kill the killer bee!
Lugonu accepts your kill.
You thump the ice beast!
The ice beast is moderately wounded.
The ice beast hits you.
* * * LOW HITPOINT WARNING * * *
The ice beast freezes you!
You die...

#.........
#####.........
#...'.........
#.###......... #.#
#......... ##.#
#......... #######..#
######.... #..#..'..#
###....
#..#@.#..######......
#.##Y###..............
..#..#.#...###..#.#....
#.
#..###...♣♣♣♣'♣♣♣♣...
#. ### ..#.+..)....+...
.. ...#.♣.#...#.♣... .
...#.♣.#._.#.♣#.#
#.♣.#...#.♣#.#
#.+.......+..#


You could see an ice beast.

Vanquished Creatures
  A troll (D:7)
  A slime creature (D:7)
  Sigmund (D:3)
  A steam dragon (D:5)
  An acid dragon (D:7)
  3 water moccasins (D:7)
  2 ice beasts
  A black bear (D:5)
  A sky beast (D:7)
  2 centaurs (D:7)
  A phantom (D:6)
  A bullfrog (D:6)
  6 wights (D:6)
  A scorpion (D:5)
  A killer bee (D:7)
  A howler monkey (D:7)
  Crazy Yiuf (D:3)
  6 hounds
  3 orc priests
  4 orc wizards
  Terence (D:1)
  5 iguanas
  Natasha (thrice) (D:2)
  4 gnolls
  8 adders
  A shadow imp (D:6)
  A worm (D:2)
  16 orcs
  8 ball pythons
  6 bats
  7 endoplasms
  3 giant cockroaches (D:2)
  5 goblins
  7 hobgoblins
  4 kobolds
  4 quokkas
  5 frilled lizards
  2 rats
129 creatures vanquished.

Vanquished Creatures (others)
  14 fungi (D:5)
14 creatures vanquished.

Grand Total: 143 creatures vanquished

Notes
Turn   | Place    | Note
-------+----------+-------------------------------------------
     0 | Abyss:1  | greasedhog the Gargoyle Abyssal Knight began the quest for
                  | the Orb.
     0 | Abyss:1  | Reached XP level 1. HP: 14/14 MP: 2/2
     1 | D:1      | Escaped the Abyss
   300 | D:1      | Found a faded altar of an unknown god.
   654 | D:1      | Reached XP level 2. HP: 16/19 MP: 3/3
   800 | D:1      | Found Xisaopogg's Jewellery Emporium.
  1727 | D:2      | Noticed Terence
  1743 | D:1      | Killed Terence
  1744 | D:1      | Reached skill level 3 in Maces & Flails
  1744 | D:1      | Reached XP level 3. HP: 9/23 MP: 3/5
  2070 | D:2      | Identified the +7 triple crossbow of Facozoxt {elec, rC+
                  | rN+}
  2145 | D:2      | Reached XP level 4. HP: 28/28 MP: 6/6
  2230 | D:2      | Noticed Natasha
  2231 | D:2      | Killed Natasha
  2247 | D:2      | Identified the +12 mace of Misery {venom, Int+4}
  2342 | D:2      | Noticed Natasha
  2344 | D:2      | Killed Natasha
  2377 | D:2      | Noticed Natasha
  2378 | D:2      | Killed Natasha
  2379 | D:2      | Reached XP level 5. HP: 32/32 MP: 8/8
  2596 | D:3      | Reached skill level 4 in Maces & Flails
  2601 | D:3      | Reached *** piety under Lugonu
  3125 | D:3      | Reached XP level 6. HP: 34/37 MP: 9/9
  3265 | D:3      | Found a runed translucent door.
  3267 | D:3      | Noticed Crazy Yiuf
  3273 | D:3      | Killed Crazy Yiuf
  3274 | D:3      | Reached skill level 5 in Invocations
  3551 | D:3      | Noticed Sigmund
  3562 | D:3      | Killed Sigmund
  3563 | D:3      | Reached skill level 5 in Maces & Flails
  3563 | D:3      | Reached XP level 7. HP: 19/41 MP: 9/11
  3844 | D:4      | Found Teorphy's Assorted Antiques.
  3851 | D:4      | Bought a scroll of identify for 56 gold pieces
  3851 | D:4      | Bought a scroll of identify for 56 gold pieces
  3851 | D:4      | Bought a scroll labelled YMAUNT OLYT for 28 gold pieces
  3851 | D:4      | Identified a scroll of acquirement
  3855 | D:4      | Acquired the ring "Weosyloc" {rF++ MP+9 Int-5 Slay+3}
  3912 | D:4      | Identified the +1 robe "Soluc" {rN+ Str+2}
  4726 | D:5      | Entered Level 5 of the Dungeon
  4731 | D:5      | Reached skill level 6 in Maces & Flails
  4731 | D:5      | Reached **** piety under Lugonu
  4892 | D:5      | Reached XP level 8. HP: 31/48 MP: 12/12
  5239 | D:5      | Found Qodoonyxo's Distillery.
  5292 | D:5      | Reached skill level 5 in Fighting
  5394 | D:5      | Reached skill level 7 in Maces & Flails
  5861 | D:5      | Found a shimmering blue altar of Sif Muna.
  5862 | D:5      | Found an ancient bone altar of Kikubaaqudgha.
  5863 | D:5      | Found a radiant altar of Vehumet.
  6045 | D:6      | Reached skill level 5 in Armour
  6158 | D:6      | Found a staircase to the Ecumenical Temple.
  6166 | Temple   | Entered the Ecumenical Temple
  6234 | D:6      | Reached skill level 8 in Maces & Flails
  6370 | D:6      | Reached XP level 9. HP: 54/54 MP: 13/13
  6923 | D:7      | Found a shimmering altar of Xom.
  6925 | D:7      | Reached skill level 1 in Dodging
  7032 | D:7      | Reached skill level 1 in Evocations
  7038 | D:7      | Noticed a troll
  7100 | D:7      | Reached skill level 9 in Maces & Flails
  7178 | D:7      | Killed a troll
  7490 | D:7      | Slain by an ice beast

Illustrated notes

Levels and vault maps discovered:
D:1:      tarquinn_simple_flora_water_d, layout_basic,
          nicolae_ecumenical_snake_handling, serial_shops, shop,
          minmay_crystal_water, minmay_misc_feat_x, chequers_serial_rivers_marsh
D:2:      layout_rooms, minmay_misc_feat_ornament, uniq_terence, uniq_natasha
D:3:      minmay_chambers_of_threes, layout_loops_corners, nrook_loot_triangle,
          serial_bayou_crossing, uniq_sigmund, uniq_crazy_yiuf_cottage
D:4:      layout_loops_ring, serial_shops, shop
D:5:      layout_loops_ring, grunt_temple_overflow_magic_moments,
          serial_aquarium, aquarium_bridge_square [aquarium_subvault_bridge,
          aquarium_subvault_balcony, aquarium_subvault_wall,
          aquarium_subvault_bridge], aquarium_bridge_island_small
          [aquarium_subvault_small_water, aquarium_subvault_window,
          aquarium_subvault_bridge, aquarium_subvault_bridge,
          aquarium_subvault_wall], aquarium_window_fake, aquarium_window_1,
          aquarium_view_4, aquarium_pool_1, serial_shops,
          nicolae_shop_behind_doors
D:6:      layout_cave_pods, minmay_temple_entry_trees
D:7:      minmay_s_stair_smasher, layout_basic,
          mainiacjoe_overflow_six_doors_small, kb_rosetta
Temple:   grunt_temple_mini_profane

Skill      XL: |  1  2  3  4  5  6  7  8  9 |
---------------+----------------------------+-----
Maces & Flails | 3 4 5 6 8 9 |  9.4
Invocations    | 3 4 5 6 |  6.0
Fighting       | 4 5 |  5.2
Armour         | 5 6 |  6.1
Dodging        | 3 |  3.0
Evocations     | 3 |  3.1

Action                   |  1- 3 |  4- 6 |  7- 9 || total
-------------------------+-------+-------+-------++-------
Melee: Mace              |    61 |    35 |   114 ||   210
 Fire: Triple crossbow   |     5 |    34 |    62 ||   101
  Use: Scroll            |     2 |     2 |     4 ||     8
Armor: Leather armour    |    24 |       |       ||    24
       Scale mail        |     2 |    38 |    31 ||    71
       Chain mail        |       |       |    59 ||    59
Dodge: Dodged            |    65 |    24 |    89 ||   178
Block: Buckler           |       |       |     2 ||     2

Table legend: (Time is in decaauts)
 A = Elapsed time spent in this place.
 B = Non-inter-level travel time spent in this place.
 C = Inter-level travel time spent in this place.
 D = Time resting spent in this place.
 E = Time spent auto-exploring this place.
 F = Levels seen in this place.
 G = Mean time per level.
                   A        B        C        D        E       F      G
               +--------+--------+--------+--------+--------+-----+--------+
         Total |   7658 |   7392 |    266 |    361 |   6097 |   9 |  850.9 |
       Dungeon |   7656 |   7390 |    266 |    361 |   6097 |   7 | 1093.7 |
        Temple |      1 |      1 |      0 |      0 |      0 |   1 |    1.0 |
         Abyss |      1 |      1 |      0 |      0 |      0 |   1 |    1.0 |
               +--------+--------+--------+--------+--------+-----+--------+

Top non-repeatable levels by time:
     D:1: 1872 daAuts
     D:3: 1369 daAuts
     D:4: 1126 daAuts
     D:5: 1054 daAuts
     D:6: 917 daAuts
     D:7: 693 daAuts
     D:2: 623 daAuts
  Temple: 1 daAuts
 Abyss:1: 1 daAuts
